 Dungeon Sprint DCSS version 0.19.3-4-gbf9329e (webtiles) character file.

616 Kagutsuchi the Fighter (level 7, -20/73 HPs)
             Began as a Mottled Draconian Berserker on Jan 28, 2017.
             Was a Priest of Trog.
             Demolished by a tyrant leech (25 damage)
             ... in the Dungeon (Sprint II: "The Violet Keep of Menkaure").
             The game lasted 00:01:02 (238 turns).

Kagutsuchi the Fighter (Mottled Draconian Berserker) Turns: 238, Time: 00:01:02

Health: -20/73     AC:  6    Str: 19    XL:     7   Next: 21%
Magic:  7/7        EV: 17    Int:  7    God:    Trog [***...]
Gold:   729        SH:  0    Dex: 13    Spells: 0 memorised, 6 levels left

rFire  . . .     SeeInvis .     a - +0 falchion
rCold  . . .     Gourm    .     (armour unavailable)
rNeg   . . .     Faith    .     (no shield)
rPois  .         Spirit   .     (helmet restricted)
rElec  .         Reflect  .     (no cloak)
rCorr  .         Harm     .     (no gloves)
MR     .....     NoTele   +     (no boots)
Stlth  +.........               (no amulet)
                                (no ring)
                                (no ring)

@: exhausted, slowed, very slow
A: breathe sticky flame splash, unfitting armour, cold-blooded, AC +6
a: Breathe Sticky Flame, Berserk, Trog's Hand, Burn Spellbooks, Renounce
Religion


You were in the Dungeon.
You worshipped Trog.
Trog was most pleased with you.
You were not hungry.

You visited 1 branch You collected 729 gold pieces.

Inventory:

Hand Weapons
 a - a +0 falchion (weapon)
 i - a cursed +0 spear
Scrolls
 h - a scroll of blinking
Potions
 c - a potion of curing
 d - a potion of heal wounds
 e - a potion of haste
 f - 2 potions of magic
 g - a potion of berserk rage
Comestibles
 b - a bread ration


   Skills:
 + Level 10.4 Fighting
 + Level 9.4 Long Blades
 + Level 8.9 Dodging
 + Level 0.2 Stealth


You had 6 spell levels left.
You didn't know any spells.

Dungeon Overview and Level Annotations

Branches:
Dungeon (1/1)

Altars:


Innate Abilities, Weirdness & Mutations

You can spit globs of burning liquid.
You can ignite nearby creatures when you spit burning liquid.
Your weird mottled scales are hard. (AC +6)
You cannot fit into any form of body armour.
You are cold-blooded and may be slowed by cold attacks.


Message History

You closely miss the tyrant leech. You tail-slap the tyrant leech.
The tyrant leech is moderately wounded.
The tyrant leech closely misses you.
You hit the tyrant leech. You tail-slap the tyrant leech.
The tyrant leech is heavily wounded.
The tyrant leech bites you!!
* * * LOW HITPOINT WARNING * * *
The tyrant leech draws strength from your injuries!
You closely miss the tyrant leech.
The tyrant leech is moderately wounded.
The tyrant leech bites you!
* * * LOW HITPOINT WARNING * * *
The tyrant leech draws strength from your injuries!
You hit the tyrant leech.
The tyrant leech is lightly wounded.
The tyrant leech barely misses you.
You hit the tyrant leech.
The tyrant leech is lightly wounded.
The tyrant leech bites you!!
You die...

## ## ##. .##
#.. ..# ##
#w#$####
##.###@###.#
#...##.##..##
#.'.<.†##.+
#...##.##..##
##.###'###.#
#####†.####
#.##..#
##.#.## ##+##


You could see a tyrant leech.

Vanquished Creatures
  A siren (D)
  A tyrant leech (D)
  4 worker ants (D)
  3 worms (D)
9 creatures vanquished.

Notes
Turn   | Place    | Note
-------+----------+-------------------------------------------
     0 | D        | Kagutsuchi the Draconian Berserker began the quest for the Orb.
     0 | D        | Reached XP level 1. HP: 19/19 MP: 1/1
     1 | D        | Noticed a siren
     9 | D        | Killed a siren
     9 | D        | Reached skill level 8 in Fighting
     9 | D        | Reached XP level 2. HP: 36/36 MP: 2/2
     9 | D        | Reached XP level 3. HP: 41/41 MP: 3/3
     9 | D        | Reached XP level 4. HP: 49/49 MP: 4/4
     9 | D        | Reached XP level 5. HP: 56/56 MP: 5/5
     9 | D        | Reached XP level 6. HP: 62/62 MP: 6/6
    58 | D        | Noticed a tyrant leech
    58 | D        | Noticed a tyrant leech
    78 | D        | Reached ** piety under Trog
    78 | D        | Reached skill level 9 in Fighting
   140 | D        | Reached *** piety under Trog
   222 | D        | Killed a tyrant leech
   222 | D        | Reached skill level 10 in Fighting
   222 | D        | Your scales start taking on a weird mottled colour.
   222 | D        | Reached XP level 7. HP: 73/73 MP: 7/7
   238 | D        | Demolished by a tyrant leech

Skill      XL: |  1  2  3  4  5  6 |
---------------+-------------------+-----
Fighting       | 8 10 | 10.4
Long Blades    | 8 9 |  9.4
Dodging        | 7 8 |  8.9
Stealth        | |  0.2

Action                   |  1- 3 |  4- 6 |  7- 9 || total
-------------------------+-------+-------+-------++-------
Melee: Falchion          |     6 |    40 |    15 ||    61
       Tailslap          |       |    10 |     3 ||    13
Invok: Berserk           |     1 |     1 |       ||     2
Armor: Skin              |       |     3 |       ||     3
Dodge: Dodged            |     5 |    18 |     5 ||    28
       Rpst.: Falchion   |     1 |     6 |     2 ||     9
